 Dungeon Crawl Stone Soup version 0.31-a0-233-g139696dc86 (webtiles) character file.

Game seed: 2626450452819485148

462 qw the Shooter (level 6, -6/53 HPs)
             Began as a Minotaur Hexslinger on July 8, 2023.
             Killed from afar by an electric eel (13 damage)
             ... with a bolt of electricity
             ... on level 6 of the Dungeon.
             The game lasted 00:02:27 (3186 turns).

qw the Shooter (Minotaur Hexslinger)                Turns: 3186, Time: 00:02:27

Health: -6/53      AC:  6    Str: 13    XL:     6   Next: 79%
Magic:  6/6        EV: 11    Int: 10    God:
Gold:   82         SH:  0    Dex: 14    Spells: 6/7 levels left

rFire   . . .        Y - +4 sling
rCold   . . .        (no shield)
rNeg    . . .        i - +0 ring mail
rPois   .            (helmet restricted)
rElec   .            c - +0 cloak
rCorr   .            (no gloves)
SInv    .            (no boots)
Will    .....        (no amulet)
Stlth   +            (no ring)
HPRegen 0.28/turn    (no ring)
MPRegen 0.10/turn

%: no passive effects
@: no status effects
A: horns 2, retaliatory headbutt
a: no special abilities


You were on level 6 of the Dungeon.
You visited 1 branch of the dungeon, and saw 5 of its levels.

You collected 157 gold pieces.
You spent 75 gold pieces at shops.


Innate Abilities, Weirdness & Mutations

You have a pair of horns on your head.
You reflexively headbutt those who attack you in melee.


   Skills:
 - Level 4.3 Fighting
 + Level 7.0 Ranged Weapons
 - Level 1.0 Armour
 - Level 2.1 Dodging
 - Level 1.0 Spellcasting
 - Level 2.0 Hexes


You had 6 spell levels left.
You knew the following spells:

 Your Spells              Type           Power      Damage    Failure   Level
a - Slow                  Hex            16%        N/A       32%         1

Your spell library contained the following spells:

 Spells                   Type           Power      Damage    Failure   Level
 Inner Flame              Hex/Fire       2%         N/A       82%         3
 Portal Projectile        Hex/Tloc       4%         N/A       82%         3
 Cause Fear               Hex            2%         N/A       97%         4

Inventory:

Hand Weapons
 Y - a +4 sling (weapon)
Armour
 c - a +0 cloak (worn)
 i - a +0 ring mail (worn)
Scrolls
 a - a scroll of identify
Potions
 d - a potion of curing {unknown}
 f - a potion of degeneration {unknown}

Dungeon Overview and Level Annotations

Branches:
Dungeon (6/15)
 Temple: D:4-7

Altars:
Vehumet
Xom

Shops:
D:2 *

Annotations:
D:3 3 runed translucent doors, qw's ghost, amateur MiHs


Message History

A centaur is nearby!
You shoot a sling bullet.
The sling bullet barely misses the centaur.
The sling bullet hits the plant.
The plant begins to die.
The plant is lightly damaged.
The centaur wields a +0 orcbow.
The centaur shoots an arrow.
The arrow barely misses you.
The centaur shoots an arrow.
The arrow hits you!
You shoot a sling bullet. The sling bullet hits the centaur!
The centaur is moderately wounded.
The centaur shoots an arrow.
The arrow hits you.
The centaur shoots an arrow.
The arrow hits you.
You shoot a sling bullet. The sling bullet hits the centaur.
The centaur is heavily wounded.
The centaur shoots an arrow.
The arrow barely misses you.
You shoot a sling bullet. The sling bullet hits the centaur.
The centaur is severely wounded.
A nearby plant withers and dies.
The centaur shoots an arrow.
The arrow hits you!
The centaur shoots an arrow.
The arrow hits you.
You shoot a sling bullet. The sling bullet hits the centaur.
The centaur is almost dead.
You shoot a sling bullet. The sling bullet hits the centaur.
You kill the centaur!
Your Ranged Weapons skill increases to level 7!
You start resting.
An electric eel comes into view.
You shoot a sling bullet.
The sling bullet barely misses the electric eel.
You shoot a sling bullet.
The sling bullet closely misses the electric eel.
You shoot a sling bullet.
The sling bullet closely misses the electric eel.
You shoot a sling bullet. The sling bullet hits the electric eel!
The electric eel is heavily wounded.
The electric eel shoots out a bolt of lightning at you!
The bolt of electricity hits you! x2
You shoot a sling bullet. The sling bullet hits the electric eel.
The electric eel is almost dead.
The electric eel shoots out a bolt of lightning at you!
The bolt of electricity hits you!
You die...

#......#
##########......#
#........#......#
#........#......##
#........'.......#
######.###.......#
#.# #######.# #.#
#.####... #.#
#@.....# #.#
#)<....# #.#
S7~~~~7~. #.# 7~
77P~~~7 #. ... ~P
~~~PP ~.#. ..7 ~~~
~~~~ ... ..%7 ~~~
~P~~ 7.. #P~P ~~~~
~~~ 7~# 77~~ 7~


You could see an electric eel.

Vanquished Creatures
  An ice beast (D:6)
  A centaur (D:6)
  An electric eel (D:6)
  2 orc priests (D:6)
  An orc wizard (D:6)
  8 adders
  A white imp (D:6)
  2 adder skeletons (D:2)
  2 adder zombies (D:2)
  2 dart slugs
  6 orcs
  2 bat skeletons (D:2)
  2 endoplasms
  2 giant cockroaches (D:2)
  3 goblins
  8 hobgoblins
  10 jackals
  2 quokkas
  3 ball pythons
  A ball python zombie (D:2)
  8 bats
  A giant cockroach zombie (D:2)
  A jackal skeleton (D:2)
  3 kobolds (D:1)
  A quokka skeleton (D:2)
  6 rats
80 creatures vanquished.

Notes
Turn   | Place    | Note
-------+----------+-------------------------------------------
     0 | D:1      | qw the Minotaur Hexslinger began the quest for the Orb.
     0 | D:1      | Reached XP level 1. HP: 16/16 MP: 1/1
     0 | D:1      | 0 ||| qw: Version: 0.3-a-46-gb1f654a
     0 | D:1      | 0 ||| qw: Game counter: 3483
     0 | D:1      | 0 ||| qw: Melee chars always use a shield: true
     0 | D:1      | 0 ||| qw: God list: Okawaru
     0 | D:1      | 0 ||| qw: Allow faded altars: false
     0 | D:1      | 0 ||| qw: Do Orc after clearing Dungeon:15 true
     0 | D:1      | 0 ||| qw: Do second Lair branch before Depths: true
     0 | D:1      | 0 ||| qw: Lair rune preference: random
     0 | D:1      | 0 ||| qw: Goals: Normal
     0 | D:1      | 0 ||| PLANNING D:1-11
    71 | D:1      | Reached skill level 3 in Ranged Weapons
    71 | D:1      | Reached XP level 2. HP: 19/23 MP: 2/2
   108 | D:1      | 108 ||| Stepping ~*~*~tactically~*~*~ (outnumbered).
   465 | D:1      | Reached XP level 3. HP: 25/29 MP: 3/3
   812 | D:1      | 812 ||| UPGRADING to +0 leather armour.
   822 | D:1      | 822 ||| DROPPING +0 robe.
   823 | D:1      | 823 ||| UPGRADING to +0 ring mail.
   833 | D:1      | 833 ||| DROPPING +0 leather armour.
   834 | D:1      | 834 ||| READING 3 scrolls labelled HYNEETIREO.
   835 | D:1      | 835 ||| READING scroll labelled MIGAECH GOARRU.
   836 | D:1      | 836 ||| READING 2 scrolls of identify.
   836 | D:1      | 836 ||| IDENTIFYING fuming blue potion
   837 | D:1      | 837 ||| DROPPING scroll of poison.
   838 | D:1      | 838 ||| DROPPING potion of magic.
   933 | D:2      | Reached skill level 4 in Ranged Weapons
   994 | D:2      | Reached skill level 1 in Armour
  1096 | D:2      | Found Ykkeefef's Assorted Antiques.
  1104 | D:2      | 1104 ||| BUYING amethyst potion (25 gold).
  1104 | D:2      | Bought an amethyst potion for 25 gold pieces
  1104 | D:2      | 1104 ||| BUYING brown potion (25 gold).
  1104 | D:2      | Bought a brown potion for 25 gold pieces
  1104 | D:2      | 1104 ||| BUYING brown potion (25 gold).
  1104 | D:2      | Bought a brown potion for 25 gold pieces
  1104 | D:2      | 1104 ||| SHOPLISTING long lead wand (112 gold, have 11).
  1104 | D:2      | 1104 ||| SHOPLISTING scroll labelled YNGIASKEPT (28 gold,
                  | have 11).
  1104 | D:2      | 1104 ||| SHOPLISTING sharpened glass wand (112 gold, have
                  | 11).
  1171 | D:2      | Reached XP level 4. HP: 31/36 MP: 4/4
  1261 | D:2      | 1261 ||| READING scroll of enchant weapon.
  1261 | D:2      | 1261 ||| ENCHANTING +2 sling.
  1279 | D:2      | Identified the +8 whip "Killer Bee's Foe" {speed, rF+}
  1450 | D:2      | 1450 ||| UPGRADING to +0 cloak.
  1455 | D:2      | 1455 ||| READING scroll labelled TUEPSI EHIECRU.
  1456 | D:2      | 1456 ||| DRINKING 2 brown potions.
  1457 | D:2      | 1457 ||| DROPPING potion of attraction.
  1487 | D:3      | 1487 ||| STAIRDANCE
  1592 | D:3      | Found a faded altar of an unknown god.
  1601 | D:3      | Reached skill level 5 in Ranged Weapons
  1631 | D:3      | Found a radiant altar of Vehumet.
  1669 | D:3      | Noticed qw's ghost (amateur MiHs)
  1672 | D:3      | Found a runed translucent gate.
  1672 | D:3      | Found a runed translucent gate.
  1672 | D:3      | Found a runed translucent gate.
  1774 | D:3      | 1774 ||| READING scroll of enchant weapon.
  1774 | D:3      | 1774 ||| ENCHANTING +3 sling.
  1899 | D:3      | Reached XP level 5. HP: 44/44 MP: 5/5
  2106 | D:3      | Reached skill level 3 in Fighting
  2378 | D:3      | 2378 ||| READING scroll labelled DAFFUP EHUCE.
  2379 | D:3      | 2379 ||| READING scroll labelled LISONG PURAXES.
  2395 | D:4      | You fall into a shaft and drop 2 floors!
  2395 | D:6      | Found a shimmering altar of Xom.
  2430 | D:6      | 2430 ||| Stepping ~*~*~tactically~*~*~ (outnumbered).
  2434 | D:6      | 2434 ||| Stepping ~*~*~tactically~*~*~ (outnumbered).
  2467 | D:6      | HP: 11/45 [something (1)]
  2470 | D:6      | Reached skill level 6 in Ranged Weapons
  2628 | D:6      | 2628 ||| READING scroll labelled YNGIASKEPT.
  2631 | D:6      | Noticed an ice beast
  2642 | D:6      | Killed an ice beast
  2643 | D:6      | Reached XP level 6. HP: 31/53 MP: 6/6
  2739 | D:6      | 2739 ||| Stepping randomly (stuck).
  2740 | D:6      | 2740 ||| Stepping randomly (stuck).
  2741 | D:6      | 2741 ||| Stepping randomly (stuck).
  2742 | D:6      | 2742 ||| Stepping randomly (stuck).
  2743 | D:6      | 2743 ||| Stepping randomly (stuck).
  2744 | D:6      | 2744 ||| Stepping randomly (stuck).
  2745 | D:6      | 2745 ||| Stepping randomly (stuck).
  2746 | D:6      | 2746 ||| Stepping randomly (stuck).
  2747 | D:6      | 2747 ||| Stepping randomly (stuck).
  2748 | D:6      | 2748 ||| Stepping randomly (stuck).
  2749 | D:6      | 2749 ||| Stepping randomly (stuck).
  2750 | D:6      | 2750 ||| Stepping randomly (stuck).
  2751 | D:6      | 2751 ||| Stepping randomly (stuck).
  2752 | D:6      | 2752 ||| Stepping randomly (stuck).
  2753 | D:6      | 2753 ||| Stepping randomly (stuck).
  2754 | D:6      | 2754 ||| Stepping randomly (stuck).
  2755 | D:6      | 2755 ||| Stepping randomly (stuck).
  2756 | D:6      | 2756 ||| Stepping randomly (stuck).
  2757 | D:6      | 2757 ||| Stepping randomly (stuck).
  2758 | D:6      | 2758 ||| Stepping randomly (stuck).
  2759 | D:6      | 2759 ||| Stepping randomly (stuck).
  2760 | D:6      | 2760 ||| Stepping randomly (stuck).
  2761 | D:6      | 2761 ||| Stepping randomly (stuck).
  2762 | D:6      | 2762 ||| Stepping randomly (stuck).
  2763 | D:6      | 2763 ||| Stepping randomly (stuck).
  2764 | D:6      | 2764 ||| Stepping randomly (stuck).
  2765 | D:6      | 2765 ||| Stepping randomly (stuck).
  2766 | D:6      | 2766 ||| Stepping randomly (stuck).
  2767 | D:6      | 2767 ||| Stepping randomly (stuck).
  2768 | D:6      | 2768 ||| Stepping randomly (stuck).
  2769 | D:6      | 2769 ||| Stepping randomly (stuck).
  2770 | D:6      | 2770 ||| Stepping randomly (stuck).
  2771 | D:6      | 2771 ||| Stepping randomly (stuck).
  2772 | D:6      | 2772 ||| Stepping randomly (stuck).
  2773 | D:6      | 2773 ||| Stepping randomly (stuck).
  2774 | D:6      | 2774 ||| Stepping randomly (stuck).
  2775 | D:6      | 2775 ||| Stepping randomly (stuck).
  2776 | D:6      | 2776 ||| Stepping randomly (stuck).
  2777 | D:6      | 2777 ||| Stepping randomly (stuck).
  2778 | D:6      | 2778 ||| Stepping randomly (stuck).
  2779 | D:6      | 2779 ||| Stepping randomly (stuck).
  2780 | D:6      | 2780 ||| Stepping randomly (stuck).
  2781 | D:6      | 2781 ||| Stepping randomly (stuck).
  2782 | D:6      | 2782 ||| Stepping randomly (stuck).
  2783 | D:6      | 2783 ||| Stepping randomly (stuck).
  2784 | D:6      | 2784 ||| Stepping randomly (stuck).
  2785 | D:6      | 2785 ||| Stepping randomly (stuck).
  2786 | D:6      | 2786 ||| Stepping randomly (stuck).
  2787 | D:6      | 2787 ||| Stepping randomly (stuck).
  2788 | D:6      | 2788 ||| Stepping randomly (stuck).
  2789 | D:6      | 2789 ||| Stepping randomly (stuck).
  2790 | D:6      | 2790 ||| Stepping randomly (stuck).
  2791 | D:6      | 2791 ||| Stepping randomly (stuck).
  2792 | D:6      | 2792 ||| Stepping randomly (stuck).
  2793 | D:6      | 2793 ||| Stepping randomly (stuck).
  2794 | D:6      | 2794 ||| Stepping randomly (stuck).
  2795 | D:6      | 2795 ||| Stepping randomly (stuck).
  2796 | D:6      | 2796 ||| Stepping randomly (stuck).
  2797 | D:6      | 2797 ||| Stepping randomly (stuck).
  2798 | D:6      | 2798 ||| Stepping randomly (stuck).
  2799 | D:6      | 2799 ||| Stepping randomly (stuck).
  2800 | D:6      | 2800 ||| Stepping randomly (stuck).
  2801 | D:6      | 2801 ||| Stepping randomly (stuck).
  2802 | D:6      | 2802 ||| Stepping randomly (stuck).
  2803 | D:6      | 2803 ||| Stepping randomly (stuck).
  2804 | D:6      | 2804 ||| Stepping randomly (stuck).
  2805 | D:6      | 2805 ||| Stepping randomly (stuck).
  2877 | D:6      | 2877 ||| Stepping randomly (stuck).
  2878 | D:6      | 2878 ||| Stepping randomly (stuck).
  2879 | D:6      | 2879 ||| Stepping randomly (stuck).
  2880 | D:6      | 2880 ||| Stepping randomly (stuck).
  2881 | D:6      | 2881 ||| Stepping randomly (stuck).
  2882 | D:6      | 2882 ||| Stepping randomly (stuck).
  2972 | D:6      | 2972 ||| Stepping randomly (stuck).
  2973 | D:6      | 2973 ||| Stepping randomly (stuck).
  2974 | D:6      | 2974 ||| Stepping randomly (stuck).
  2975 | D:6      | 2975 ||| Stepping randomly (stuck).
  2976 | D:6      | 2976 ||| Stepping randomly (stuck).
  2977 | D:6      | 2977 ||| Stepping randomly (stuck).
  2978 | D:6      | 2978 ||| Stepping randomly (stuck).
  2979 | D:6      | 2979 ||| Stepping randomly (stuck).
  2980 | D:6      | 2980 ||| Stepping randomly (stuck).
  2981 | D:6      | 2981 ||| Stepping randomly (stuck).
  2982 | D:6      | 2982 ||| Stepping randomly (stuck).
  2983 | D:6      | 2983 ||| Stepping randomly (stuck).
  2984 | D:6      | 2984 ||| Stepping randomly (stuck).
  2985 | D:6      | 2985 ||| Stepping randomly (stuck).
  2986 | D:6      | 2986 ||| Stepping randomly (stuck).
  2987 | D:6      | 2987 ||| Stepping randomly (stuck).
  2988 | D:6      | 2988 ||| Stepping randomly (stuck).
  2989 | D:6      | 2989 ||| Stepping randomly (stuck).
  2990 | D:6      | 2990 ||| Stepping randomly (stuck).
  2991 | D:6      | 2991 ||| Stepping randomly (stuck).
  2992 | D:6      | 2992 ||| Stepping randomly (stuck).
  2993 | D:6      | 2993 ||| Stepping randomly (stuck).
  2994 | D:6      | 2994 ||| Stepping randomly (stuck).
  2995 | D:6      | 2995 ||| Stepping randomly (stuck).
  2996 | D:6      | 2996 ||| Stepping randomly (stuck).
  2997 | D:6      | 2997 ||| Stepping randomly (stuck).
  2998 | D:6      | 2998 ||| Stepping randomly (stuck).
  2999 | D:6      | 2999 ||| Stepping randomly (stuck).
  3000 | D:6      | 3000 ||| Stepping randomly (stuck).
  3001 | D:6      | 3001 ||| Stepping randomly (stuck).
  3002 | D:6      | 3002 ||| Stepping randomly (stuck).
  3003 | D:6      | 3003 ||| Stepping randomly (stuck).
  3004 | D:6      | 3004 ||| Stepping randomly (stuck).
  3005 | D:6      | 3005 ||| Stepping randomly (stuck).
  3006 | D:6      | 3006 ||| Stepping randomly (stuck).
  3007 | D:6      | 3007 ||| Stepping randomly (stuck).
  3008 | D:6      | 3008 ||| Stepping randomly (stuck).
  3009 | D:6      | 3009 ||| Stepping randomly (stuck).
  3010 | D:6      | 3010 ||| Stepping randomly (stuck).
  3011 | D:6      | 3011 ||| Stepping randomly (stuck).
  3012 | D:6      | 3012 ||| Stepping randomly (stuck).
  3013 | D:6      | 3013 ||| Stepping randomly (stuck).
  3014 | D:6      | 3014 ||| Stepping randomly (stuck).
  3015 | D:6      | 3015 ||| Stepping randomly (stuck).
  3016 | D:6      | 3016 ||| Stepping randomly (stuck).
  3017 | D:6      | 3017 ||| Stepping randomly (stuck).
  3018 | D:6      | 3018 ||| Stepping randomly (stuck).
  3019 | D:6      | 3019 ||| Stepping randomly (stuck).
  3020 | D:6      | 3020 ||| Stepping randomly (stuck).
  3021 | D:6      | 3021 ||| Stepping randomly (stuck).
  3022 | D:6      | 3022 ||| Stepping randomly (stuck).
  3023 | D:6      | 3023 ||| Stepping randomly (stuck).
  3024 | D:6      | 3024 ||| Stepping randomly (stuck).
  3025 | D:6      | 3025 ||| Stepping randomly (stuck).
  3026 | D:6      | 3026 ||| Stepping randomly (stuck).
  3027 | D:6      | 3027 ||| Stepping randomly (stuck).
  3028 | D:6      | 3028 ||| Stepping randomly (stuck).
  3029 | D:6      | 3029 ||| Stepping randomly (stuck).
  3030 | D:6      | 3030 ||| Stepping randomly (stuck).
  3031 | D:6      | 3031 ||| Stepping randomly (stuck).
  3032 | D:6      | 3032 ||| Stepping randomly (stuck).
  3033 | D:6      | 3033 ||| Stepping randomly (stuck).
  3034 | D:6      | 3034 ||| Stepping randomly (stuck).
  3035 | D:6      | 3035 ||| Stepping randomly (stuck).
  3036 | D:6      | 3036 ||| Stepping randomly (stuck).
  3037 | D:6      | 3037 ||| Stepping randomly (stuck).
  3038 | D:6      | 3038 ||| Stepping randomly (stuck).
  3039 | D:6      | 3039 ||| Stepping randomly (stuck).
  3040 | D:6      | 3040 ||| Stepping randomly (stuck).
  3041 | D:6      | 3041 ||| Stepping randomly (stuck).
  3042 | D:6      | 3042 ||| Stepping randomly (stuck).
  3043 | D:6      | 3043 ||| Stepping randomly (stuck).
  3044 | D:6      | 3044 ||| Stepping randomly (stuck).
  3045 | D:6      | 3045 ||| Stepping randomly (stuck).
  3046 | D:6      | 3046 ||| Stepping randomly (stuck).
  3047 | D:6      | 3047 ||| Stepping randomly (stuck).
  3048 | D:6      | 3048 ||| Stepping randomly (stuck).
  3049 | D:6      | 3049 ||| Stepping randomly (stuck).
  3050 | D:6      | 3050 ||| Stepping randomly (stuck).
  3051 | D:6      | 3051 ||| Stepping randomly (stuck).
  3052 | D:6      | 3052 ||| Stepping randomly (stuck).
  3053 | D:6      | 3053 ||| Stepping randomly (stuck).
  3054 | D:6      | 3054 ||| Stepping randomly (stuck).
  3055 | D:6      | 3055 ||| Stepping randomly (stuck).
  3056 | D:6      | 3056 ||| Stepping randomly (stuck).
  3057 | D:6      | 3057 ||| Stepping randomly (stuck).
  3058 | D:6      | 3058 ||| Stepping randomly (stuck).
  3059 | D:6      | 3059 ||| Stepping randomly (stuck).
  3060 | D:6      | 3060 ||| Stepping randomly (stuck).
  3061 | D:6      | 3061 ||| Stepping randomly (stuck).
  3062 | D:6      | 3062 ||| Stepping randomly (stuck).
  3063 | D:6      | 3063 ||| Stepping randomly (stuck).
  3064 | D:6      | 3064 ||| Stepping randomly (stuck).
  3065 | D:6      | 3065 ||| Stepping randomly (stuck).
  3066 | D:6      | 3066 ||| Stepping randomly (stuck).
  3067 | D:6      | 3067 ||| Stepping randomly (stuck).
  3068 | D:6      | 3068 ||| Stepping randomly (stuck).
  3069 | D:6      | 3069 ||| Stepping randomly (stuck).
  3070 | D:6      | 3070 ||| Stepping randomly (stuck).
  3071 | D:6      | 3071 ||| Stepping randomly (stuck).
  3072 | D:6      | 3072 ||| Stepping randomly (stuck).
  3073 | D:6      | 3073 ||| Stepping randomly (stuck).
  3074 | D:6      | 3074 ||| Stepping randomly (stuck).
  3075 | D:6      | 3075 ||| Stepping randomly (stuck).
  3076 | D:6      | 3076 ||| Stepping randomly (stuck).
  3077 | D:6      | 3077 ||| Stepping randomly (stuck).
  3078 | D:6      | 3078 ||| Stepping randomly (stuck).
  3079 | D:6      | 3079 ||| Stepping randomly (stuck).
  3080 | D:6      | 3080 ||| Stepping randomly (stuck).
  3081 | D:6      | 3081 ||| Stepping randomly (stuck).
  3082 | D:6      | 3082 ||| Stepping randomly (stuck).
  3083 | D:6      | 3083 ||| Stepping randomly (stuck).
  3084 | D:6      | 3084 ||| Stepping randomly (stuck).
  3085 | D:6      | 3085 ||| Stepping randomly (stuck).
  3086 | D:6      | 3086 ||| Stepping randomly (stuck).
  3087 | D:6      | 3087 ||| Stepping randomly (stuck).
  3088 | D:6      | 3088 ||| Stepping randomly (stuck).
  3089 | D:6      | 3089 ||| Stepping randomly (stuck).
  3090 | D:6      | 3090 ||| Stepping randomly (stuck).
  3091 | D:6      | 3091 ||| Stepping randomly (stuck).
  3092 | D:6      | 3092 ||| Stepping randomly (stuck).
  3093 | D:6      | 3093 ||| Stepping randomly (stuck).
  3094 | D:6      | 3094 ||| Stepping randomly (stuck).
  3095 | D:6      | 3095 ||| Stepping randomly (stuck).
  3096 | D:6      | 3096 ||| Stepping randomly (stuck).
  3097 | D:6      | 3097 ||| Stepping randomly (stuck).
  3098 | D:6      | 3098 ||| Stepping randomly (stuck).
  3099 | D:6      | 3099 ||| Stepping randomly (stuck).
  3100 | D:6      | 3100 ||| Stepping randomly (stuck).
  3101 | D:6      | 3101 ||| Stepping randomly (stuck).
  3102 | D:6      | 3102 ||| Stepping randomly (stuck).
  3103 | D:6      | 3103 ||| Stepping randomly (stuck).
  3104 | D:6      | 3104 ||| Stepping randomly (stuck).
  3105 | D:6      | 3105 ||| Stepping randomly (stuck).
  3106 | D:6      | 3106 ||| Stepping randomly (stuck).
  3107 | D:6      | 3107 ||| Stepping randomly (stuck).
  3108 | D:6      | 3108 ||| Stepping randomly (stuck).
  3109 | D:6      | 3109 ||| Stepping randomly (stuck).
  3110 | D:6      | 3110 ||| Stepping randomly (stuck).
  3111 | D:6      | 3111 ||| Stepping randomly (stuck).
  3112 | D:6      | 3112 ||| Stepping randomly (stuck).
  3113 | D:6      | 3113 ||| Stepping randomly (stuck).
  3114 | D:6      | 3114 ||| Stepping randomly (stuck).
  3115 | D:6      | 3115 ||| Stepping randomly (stuck).
  3116 | D:6      | 3116 ||| Stepping randomly (stuck).
  3117 | D:6      | 3117 ||| Stepping randomly (stuck).
  3118 | D:6      | 3118 ||| Stepping randomly (stuck).
  3119 | D:6      | 3119 ||| Stepping randomly (stuck).
  3120 | D:6      | 3120 ||| Stepping randomly (stuck).
  3121 | D:6      | 3121 ||| Stepping randomly (stuck).
  3122 | D:6      | 3122 ||| Stepping randomly (stuck).
  3123 | D:6      | 3123 ||| Stepping randomly (stuck).
  3124 | D:6      | 3124 ||| Stepping randomly (stuck).
  3125 | D:6      | 3125 ||| Stepping randomly (stuck).
  3126 | D:6      | 3126 ||| Stepping randomly (stuck).
  3127 | D:6      | 3127 ||| Stepping randomly (stuck).
  3128 | D:6      | 3128 ||| Stepping randomly (stuck).
  3129 | D:6      | 3129 ||| Stepping randomly (stuck).
  3130 | D:6      | 3130 ||| Stepping randomly (stuck).
  3131 | D:6      | 3131 ||| Stepping randomly (stuck).
  3132 | D:6      | 3132 ||| Stepping randomly (stuck).
  3133 | D:6      | 3133 ||| Stepping randomly (stuck).
  3134 | D:6      | 3134 ||| Stepping randomly (stuck).
  3135 | D:6      | 3135 ||| Stepping randomly (stuck).
  3136 | D:6      | 3136 ||| Stepping randomly (stuck).
  3137 | D:6      | 3137 ||| Stepping randomly (stuck).
  3138 | D:6      | 3138 ||| Stepping randomly (stuck).
  3139 | D:6      | 3139 ||| Stepping randomly (stuck).
  3140 | D:6      | 3140 ||| Stepping randomly (stuck).
  3141 | D:6      | 3141 ||| Stepping randomly (stuck).
  3142 | D:6      | 3142 ||| Stepping randomly (stuck).
  3143 | D:6      | 3143 ||| Stepping randomly (stuck).
  3144 | D:6      | 3144 ||| Stepping randomly (stuck).
  3145 | D:6      | 3145 ||| Stepping randomly (stuck).
  3146 | D:6      | 3146 ||| Stepping randomly (stuck).
  3147 | D:6      | 3147 ||| Stepping randomly (stuck).
  3148 | D:6      | 3148 ||| Stepping randomly (stuck).
  3149 | D:6      | 3149 ||| Stepping randomly (stuck).
  3150 | D:6      | 3150 ||| Stepping randomly (stuck).
  3151 | D:6      | 3151 ||| Stepping randomly (stuck).
  3152 | D:6      | 3152 ||| Stepping randomly (stuck).
  3153 | D:6      | 3153 ||| Stepping randomly (stuck).
  3154 | D:6      | 3154 ||| Stepping randomly (stuck).
  3155 | D:6      | 3155 ||| Stepping randomly (stuck).
  3156 | D:6      | 3156 ||| Stepping randomly (stuck).
  3157 | D:6      | 3157 ||| Stepping randomly (stuck).
  3158 | D:6      | 3158 ||| Stepping randomly (stuck).
  3159 | D:6      | 3159 ||| Stepping randomly (stuck).
  3160 | D:6      | 3160 ||| Stepping randomly (stuck).
  3161 | D:6      | 3161 ||| Stepping randomly (stuck).
  3162 | D:6      | 3162 ||| Stepping randomly (stuck).
  3163 | D:6      | 3163 ||| Stepping randomly (stuck).
  3164 | D:6      | 3164 ||| Stepping randomly (stuck).
  3165 | D:6      | 3165 ||| Stepping randomly (stuck).
  3166 | D:6      | 3166 ||| Stepping randomly (stuck).
  3167 | D:6      | 3167 ||| Stepping randomly (stuck).
  3168 | D:6      | 3168 ||| Stepping randomly (stuck).
  3180 | D:6      | Reached skill level 7 in Ranged Weapons
  3185 | D:6      | HP: 7/53 [electric eel/bolt of electricity (8)]
  3186 | D:6      | Killed from afar by an electric eel

Levels and vault maps discovered:
D:1:      shiori_arrival_oz, layout_loops_ring, st_stairs_14
D:2:      layout_loops_ring, serial_undead, serial_undead_d, serial_undead_e,
          serial_undead_d, serial_undead_d, serial_shops,
          nicolae_shop_waterfront
D:3:      layout_loops_ring, amcnicky_altar_gilded, basic_ecumenical_altar,
          gammafunk_ghost_split, roderic_lattice_a, st_stairs_9
D:4:      layout_rooms, serial_shops, shop
D:6:      layout_basic, lemuel_doored_altar, general_overflow_altar,
          nemelex_xobeh_ov_fountains_minmay, serial_bayou_lake_a

Skill      XL: |  1  2  3  4  5  6 |
---------------+-------------------+-----
Ranged Weapons | 3 4 5 6 7 |  7.0
Fighting       | 2 4 |  4.3
Armour         | 1 |  1.0
Dodging        | |  2.1
Spellcasting   | |  1.0
Hexes          | |  2.0

Action                     |  1- 3 |  4- 6 || total
---------------------------+-------+-------++-------
   Fire: Sling             |   134 |   161 ||   295
    Use: Scroll            |     3 |     6 ||     9
         Potion            |       |     1 ||     1
 Armour: Robe              |     8 |       ||     8
         Ring mail         |     6 |    42 ||    48
  Dodge: Dodged            |    42 |    46 ||    88

Table legend:
 A = Non-vault XP
 B = Vault XP
 C = Vault XP percentage of total XP
 D = Non-vault monster count
 E = Vault monster count
 F = Vault count percentage of total count
                 A         B        C        D         E       F
            +---------+---------+-------+---------+---------+-------
      Total |     619 |      41 |   6.2 |      64 |      16 |  20.0
            +---------+---------+-------+---------+---------+-------
        D:1 |      41 |       5 |  10.9 |      22 |       3 |  12.0
        D:2 |      43 |      29 |  40.3 |      12 |      10 |  45.5
        D:3 |      93 |       7 |   7.0 |      19 |       3 |  13.6
        D:6 |     442 |       0 |   0.0 |      11 |       0 |   0.0
            +---------+---------+-------+---------+---------+-------
